 Dungeon Crawl Stone Soup version 0.29.0-4-gdea44cf6ec (webtiles) character file.

Game seed: 1626355986580666373

128 qw the Chopper (level 5, -6/32 HPs)
             Began as a Gargoyle Berserker on Sept 8, 2022.
             Was a Believer of Trog.
             Shot with an arrow by a centaur (15 damage)
             ... on level 3 of the Dungeon.
             The game lasted 00:00:52 (2476 turns).

qw the Chopper (Gargoyle Berserker)                 Turns: 2476, Time: 00:00:53

Health: -6/32      AC:  9    Str: 22    XL:     5   Next: 12%
Magic:  5/5        EV: 11    Int:  8    God:    Trog [**....]
Gold:   165        SH:  0    Dex:  9    Spells: 4/4 levels left

rFire   . . .      SeeInvis .   Y - +0 hand axe
rCold   . . .      Faith    .   (no shield)
rNeg    + . .      Spirit   .   h - +0 ring mail
rPois   inf        Reflect  .   (no helmet)
rElec   +          Harm     .   (no cloak)
rCorr   .          Rampage  .   (no gloves)
Will    .....                   (no boots)
Stlth   ..........              (no amulet)
HPRegen 0.10/turn               (no ring)
MPRegen 0.09/turn               (no ring)

@: about to teleport
A: sickness immunity, AC +4, negative energy resistance 1, electricity
resistance, torment resistance 1, petrification resistance
a: Renounce Religion, Berserk, Trog's Hand


You were on level 3 of the Dungeon.
You worshipped Trog.
Trog was pleased with you.
You visited 1 branch of the dungeon, and saw 3 of its levels.

You collected 165 gold pieces.


Innate Abilities, Weirdness & Mutations

You are immune to sickness and miasma.
Your stone body is resilient. (AC +4)
You are immune to poison.
You resist negative energy. (rN+)
You are resistant to electric shocks. (rElec)
You are resistant to unholy torment.
You are immune to petrification.


   Skills:
 + Level 3.3 Fighting
 - Level 5.1 Axes
 - Level 2.1 Armour
 - Level 1.5 Dodging


You had 4 spell levels left.
You didn't know any spells.
Your spell library was empty.

Inventory:

Hand Weapons
 m - a +0 whip
 Y - a +0 hand axe (weapon)
Armour
 b - a +0 chain mail
 h - a +0 ring mail (worn)
Scrolls
 e - a scroll of enchant armour {unknown}
 f - a scroll of teleportation
 i - 2 scrolls of identify
 k - a scroll of brand weapon {unknown}
Potions
 a - a potion of heal wounds
 c - a potion of ambrosia {unknown}
 d - 2 potions of haste {unknown}
 g - a potion of lignification {unknown}
 j - a potion of mutation {unknown}
 l - a potion of curing {unknown}
 n - a potion of magic {unknown}

Dungeon Overview and Level Annotations

Branches:
Dungeon (3/15)

Altars:


Message History

You feel a strong urge to attack something.
You are no longer berserk.
You are exhausted.
You feel yourself slow down.
HP restored.
You start waiting.
You feel yourself speed up.
You recover from your berserk rage.
Done waiting.
l - a glowing blue potion
Found a stone staircase leading up.
Enter note:
There is a stone staircase leading up here.
A goblin comes into view. It is wielding a +0 dagger.
The goblin shouts!
You completely miss the goblin. The goblin hits you but does no damage.
You miss the goblin. The goblin hits you but does no damage.
You slash the goblin!
You kill the goblin!
Trog accepts your kill.
Things that are here:
a +0 dagger; a goblin corpse
Found 8 stones.
You see here 8 stones.
A centaur comes into view.
The centaur wields a +0 shortbow.
The centaur shoots an arrow.
The arrow hits you!
Enter note: The centaur shoots an arrow.
The arrow hits you!
The centaur shoots an arrow.
The arrow barely misses you.
The centaur shoots an arrow.
The arrow barely misses you.
Found 12 gold pieces.
The centaur shoots an arrow.
The arrow hits you.
The centaur shoots an arrow.
The arrow hits you.
2476 ||| READING 2 scrolls of teleportation.
As you read the scroll of teleportation, it crumbles to dust.
You feel strangely unstable.
The centaur shoots an arrow.
The arrow hits you!
You die...

.%..........#.......###.......#
..............................#
#...........#.#.....###.......###
#####...#####.#....## #..........
#...# #.#)...# #.......### #...#
#.##.#.# ######.#### #...#
#......# #.........# ##.##
####.### #.####.##.# #@# #.....
#.$.....# ####.# #.#.....# #.#
#....... #.. ...c..### ###
####...# #...# #...#


You could see a centaur.

Vanquished Creatures
  An orc priest (D:3)
  An orc wizard (D:3)
  2 adders
  2 dart slugs (D:2)
  2 orcs (D:3)
  4 bats
  7 endoplasms
  A giant cockroach (D:2)
  8 goblins
  3 hobgoblins
  2 quokkas (D:2)
  5 ball pythons (D:1)
  A frilled lizard (D:1)
  5 kobolds
  4 rats
  4 toadstools (D:1)
52 creatures vanquished.

Notes
Turn   | Place    | Note
-------+----------+-------------------------------------------
     0 | D:1      | qw the Gargoyle Berserker began the quest for the Orb.
     0 | D:1      | Reached XP level 1. HP: 14/14 MP: 1/1
     0 | D:1      | 0 ||| qw: Version: 0.1-a-112-g44dc6cd
     0 | D:1      | 0 ||| qw: Game counter: 6751
     0 | D:1      | 0 ||| qw: Always use a shield: true
     0 | D:1      | 0 ||| qw: Do Orc after D:15 true
     0 | D:1      | 0 ||| qw: Do second Lair branch before Depths: true
     0 | D:1      | 0 ||| qw: Lair rune preference: random
     0 | D:1      | 0 ||| qw: Plans: Normal
     0 | D:1      | 0 ||| PLANNING D:1-11
    52 | D:1      | Reached skill level 3 in Axes
   185 | D:1      | 185 ||| Stepping ~*~*~tactically~*~*~ (stealth).
   187 | D:1      | 187 ||| Stepping ~*~*~tactically~*~*~ (stealth).
   188 | D:1      | 188 ||| Stepping ~*~*~tactically~*~*~ (stealth).
   190 | D:1      | Reached XP level 2. HP: 19/19 MP: 2/2
   190 | D:1      | 190 ||| Stepping ~*~*~tactically~*~*~ (stealth).
   208 | D:1      | 208 ||| Stepping ~*~*~tactically~*~*~ (stealth).
   213 | D:1      | 213 ||| Stepping ~*~*~tactically~*~*~ (stealth).
   216 | D:1      | 216 ||| Stepping ~*~*~tactically~*~*~ (stealth).
   219 | D:1      | 219 ||| Stepping ~*~*~tactically~*~*~ (stealth).
   220 | D:1      | 220 ||| Stepping ~*~*~tactically~*~*~ (stealth).
   680 | D:1      | Reached XP level 3. HP: 23/23 MP: 3/3
   830 | D:1      | 830 ||| UPGRADING to +0 leather armour.
   840 | D:1      | 840 ||| DROPPING +0 animal skin.
   841 | D:1      | 841 ||| UPGRADING to +0 ring mail.
   851 | D:1      | 851 ||| DROPPING +0 leather armour.
   852 | D:1      | 852 ||| READING scroll labelled ORPHAW KUIMUAQI.
   853 | D:1      | 853 ||| READING 2 scrolls labelled QINIWU BU XANYFY.
   857 | D:1      | 857 ||| READING 2 scrolls labelled ZAFAQ FOTIRAE.
   873 | D:1      | 873 ||| Stepping ~*~*~tactically~*~*~ (stealth).
   881 | D:1      | 881 ||| Stepping ~*~*~tactically~*~*~ (stealth).
   889 | D:1      | Reached ** piety under Trog
   893 | D:2      | 893 ||| STAIRDANCE
   903 | D:2      | 903 ||| STAIRDANCE
  1175 | D:2      | 1175 ||| Stepping ~*~*~tactically~*~*~ (hiding).
  1331 | D:2      | Reached skill level 4 in Axes
  1453 | D:2      | 1453 ||| Stepping ~*~*~tactically~*~*~ (stealth).
  1467 | D:2      | Found a faded altar of an unknown god.
  1547 | D:2      | 1547 ||| DROPPING +0 club.
  2074 | D:2      | 2074 ||| DROPPING ring of magical power.
  2075 | D:2      | 2075 ||| READING scroll labelled CYCUAC GYER.
  2076 | D:2      | 2076 ||| READING scroll labelled JOZ ROWAWN.
  2077 | D:2      | 2077 ||| READING 3 scrolls labelled COG NIWNUL.
  2078 | D:2      | 2078 ||| READING 2 scrolls of identify.
  2078 | D:2      | 2078 ||| IDENTIFYING yellow potion
  2079 | D:2      | 2079 ||| DROPPING 2 scrolls of vulnerability.
  2124 | D:3      | Reached XP level 4. HP: 28/28 MP: 4/4
  2263 | D:3      | 2263 ||| INVOKING Berserk.
  2281 | D:3      | Reached skill level 5 in Axes
  2281 | D:3      | Reached XP level 5. HP: 32/32 MP: 5/5
  2472 | D:3      | Noticed a centaur
  2475 | D:3      | HP: 8/32 [centaur/arrow (1)]
  2476 | D:3      | 2476 ||| READING 2 scrolls of teleportation.
  2476 | D:3      | Shot with an arrow by a centaur

Levels and vault maps discovered:
D:1:      ldierk_water_garden, layout_rooms, chequers_serial_rivers_small_b,
          hex_large, chequers_serial_rivers_small_b
D:2:      layout_basic, hellmonk_ecumenical_altar_zigzags
D:3:      layout_loops_cross, minmay_puff

Skill      XL: |  1  2  3  4 |
---------------+-------------+-----
Axes           | 3 4 5 |  5.1
Fighting       | |  3.3
Armour         | |  2.1
Dodging        | |  1.5

Action                   |  1- 3 |  4- 6 || total
-------------------------+-------+-------++-------
Melee: Hand axe          |   115 |    36 ||   151
       Punch             |     2 |     1 ||     3
Invok: Berserk           |       |     1 ||     1
  Use: Scroll            |     7 |     1 ||     8
Armor: Animal skin       |    18 |       ||    18
       Ring mail         |    23 |    19 ||    42
Dodge: Dodged            |    67 |    10 ||    77

Table legend:
 A = Non-vault XP
 B = Vault XP
 C = Vault XP percentage of total XP
 D = Non-vault monster count
 E = Vault monster count
 F = Vault count percentage of total count
                 A         B        C        D         E       F
            +---------+---------+-------+---------+---------+-------
      Total |     184 |       0 |   0.0 |      48 |       0 |   0.0
            +---------+---------+-------+---------+---------+-------
        D:1 |      37 |       0 |   0.0 |      23 |       0 |   0.0
        D:2 |      43 |       0 |   0.0 |      15 |       0 |   0.0
        D:3 |     104 |       0 |   0.0 |      10 |       0 |   0.0
            +---------+---------+-------+---------+---------+-------
